 Dungeon Crawl Stone Soup version 0.23-a0-622-g59b4ea9 (webtiles) character file.

627 TheGoonsmith the Shield-Bearer (level 7, -2/56 HPs)
             Began as a Formicid Fighter on Dec 23, 2018.
             Slain by a phantom (7 damage)
             ... in a sewer.
             The game lasted 00:08:01 (3264 turns).

TheGoonsmith the Shield-Bearer (Formicid Fighter)   Turns: 3264, Time: 00:08:01

Health: -2/56      AC: 10    Str: 28    XL:     7   Next: 76%
Magic:  7/7        EV:  9    Int:  5    God:
Gold:   110        SH: 10    Dex: 10    Spells: 6/6 levels left

rFire    . . .     SeeInvis +   a - +1 war axe
rCold    . . .     Gourm    .   c - +0 shield
rNeg     . . .     Faith    .   m - +0 chain mail
rPois    .         Spirit   .   (helmet unavailable)
rElec    .         Reflect  .   (no cloak)
rCorr    .         Harm     .   h - +0 pair of gloves
MR       .....                  (no boots)
Stlth    ..........             (no amulet)
HPRegen  0.18/turn              q - ring of attention
MPRegen  0.10/turn              (no ring)

@: mighty, drained
A: permanent stasis, dig shafts and tunnels, four strong arms, antennae 3,
repulsion field 1, dopey 1
a: Dig, Shaft Self


You were in a sewer.
You were hungry.

You visited 1 branch of the dungeon, and saw 4 of its levels.
You also visited: Sewer.

You collected 110 gold pieces.

Inventory:

Hand Weapons
 a - a +1 war axe (weapon)
 j - a cursed +3 war axe of freezing
Armour
 b - a +0 scale mail
 c - a +0 shield (worn)
 h - a +0 pair of gloves (worn)
 m - a +0 chain mail (worn)
Jewellery
 e - an uncursed amulet of magic regeneration
 q - a ring of attention (left hand)
Scrolls
 g - 2 scrolls of teleportation
 k - a scroll of remove curse
 o - a scroll of immolation
Potions
 d - a potion of might
 n - a potion of mutation
Comestibles
 f - 9 rations
 i - a chunk of flesh


   Skills:
 + Level 5.1(4.2) Fighting
 * Level 5.2(4.3) Axes
 + Level 5.0(4.1) Armour
 + Level 5.6(4.7) Shields


You had 6 spell levels left.
You didn't know any spells.
Your spell library was empty.

Dungeon Overview and Level Annotations

Branches:
Dungeon (4/15)
 Temple: D:4-7

Altars:


Innate Abilities, Weirdness & Mutations

You cannot be hasted, slowed, berserked, paralysed or teleported.
You can dig through walls and to a lower floor.
Your four strong arms can wield two-handed weapons with a shield.
You have a pair of large antennae on your head. (SInv)
You are surrounded by a mild repulsion field. (EV +2)
You are dopey. (Int -2)


Message History

Okay, then.
There is a dry fountain here.
Items here: ! ( )) ? [
j - a cursed +3 war axe of freezing You closely miss the phantom.
The phantom is heavily damaged.
The phantom hits you but does no damage.
You closely miss the phantom.
The phantom is heavily damaged.
You block the phantom's attack.
Unknown command.
You slash the phantom!
The phantom is severely damaged.
The phantom hits you but does no damage.
The phantom hits you.
* * * LOW HITPOINT WARNING * * *
Your shield and chain mail prevent you from hitting the phantom.
The phantom is severely damaged.
The phantom hits you!
You die...

##########≈###≈...≈#
≈≈≈≈≈≈≈.()≈≈##≈...≈#
≈≈≈≈≈≈≈.#))≈##≈...≈#
≈≈≈≈≈≈≈.#).≈##≈...≈#
≈≈≈≈≈≈≈.#).≈# ≈...≈#
≈≈≈≈≈≈..#.≈≈###'''##
≈≈≈≈≈...#.≈≈##.....## #
###≈#.####.###.)[...#≈≈≈
......≈≈#...#.(.@.⌠.'...
....(≈≈≈≈...'.⌠.W...'...
......≈≈#...#.....⌠.'...
#≈###.####.###..⌠...#≈≈≈
≈≈≈≈≈...#.≈≈##.....## ##
≈≈≈≈≈≈..#.≈≈###'''##
≈≈≈≈≈≈≈.#.≈≈ ≈...≈#
≈≈≈≈≈≈≈.#.≈ ≈...≈# ≈
≈≈.# #≈...≈#


You could see a phantom.

Vanquished Creatures
  2 scorpions
  2 wights (Sewer)
  A hound (D:4)
  A centaur skeleton (D:4)
  Natasha (thrice) (D:3)
  An orc wizard (D:4)
  A worker ant (D:3)
  2 big kobold zombies (Sewer)
  Robin (D:2)
  4 gnolls (D:2)
  3 adders
  2 shadow imps (Sewer)
  An ufetubus (Sewer)
  A dart slug (D:2)
  8 leopard geckos
  3 orcs (D:4)
  4 ball pythons
  7 bats
  A bat zombie (Sewer)
  5 giant cockroaches
  18 goblins
  12 hobgoblins
  2 jackals (D:1)
  24 kobolds
  3 quokkas
  4 frilled lizards
  2 jackal skeletons (D:4)
  A kobold zombie (Sewer)
  7 rats
126 creatures vanquished.

Notes
Turn   | Place    | Note
-------+----------+-------------------------------------------
     0 | D:1      | TheGoonsmith the Formicid Fighter began the quest for the
                  | Orb.
     0 | D:1      | Reached XP level 1. HP: 18/18 MP: 1/1
    17 | D:1      | Reached XP level 2. HP: 17/24 MP: 2/2
   337 | D:1      | Reached XP level 3. HP: 20/29 MP: 3/3
  1254 | D:2      | Reached XP level 4. HP: 37/37 MP: 4/4
  1515 | D:2      | Reached XP level 5. HP: 34/42 MP: 5/5
  1615 | D:2      | Noticed Robin
  1629 | D:2      | Killed Robin
  2218 | D:3      | Reached XP level 6. HP: 48/48 MP: 6/6
  2275 | D:3      | Noticed Natasha
  2282 | D:3      | Killed Natasha
  2646 | D:3      | Noticed Natasha
  2658 | D:3      | Killed Natasha
  2713 | D:3      | Noticed Natasha
  2726 | D:3      | Killed Natasha
  2726 | D:3      | Reached skill level 5 in Shields
  2814 | D:4      | Reached XP level 7. HP: 40/55 MP: 7/7
  2820 | D:4      | Gained mutation: You are dopey. (Int -2) [potion of
                  | mutation]
  2820 | D:4      | Gained mutation: You are surrounded by a mild repulsion
                  | field. (EV +2) [potion of mutation]
  3052 | D:4      | Found a glowing drain.
  3056 | Sewer    | Entered a sewer
  3159 | Sewer    | Reached skill level 5 in Fighting
  3159 | Sewer    | Reached skill level 5 in Axes
  3222 | Sewer    | Found an ancient bone altar of Kikubaaqudgha.
  3252 | Sewer    | Reached skill level 5 in Armour
  3264 | Sewer    | Slain by a phantom

Vault maps used:
D:1:      mrwooster_arrival_statue, chequers_decorated_corner,
          minmay_pentomino_q2
D:2:      first_ration, uniq_robin
D:3:      hex_large, uniq_natasha
D:4:      gup_sewer_entry_spiral
Sewer:    kennysheep_sewer_church

Skill      XL: |  1  2  3  4  5  6  7 |
---------------+----------------------+-----
Shields        | 4 5 |  5.6
Axes           | 3 4 5 |  5.2
Fighting       | 4 5 |  5.1
Armour         | 4 5 |  5.0

Action                   |  1- 3 |  4- 6 |  7- 9 || total
-------------------------+-------+-------+-------++-------
Melee: War axe           |   126 |   193 |   100 ||   419
  Use: Potion            |       |     2 |     4 ||     6
       Scroll            |       |       |     7 ||     7
  Eat: Chunk             |     1 |     5 |     2 ||     8
Armor: Scale mail        |    62 |    47 |       ||   109
       Chain mail        |       |    60 |    59 ||   119
Dodge: Dodged            |    42 |    65 |    65 ||   172
Block: Shield            |    68 |   111 |    92 ||   271

Table legend:
 A = Non-vault XP
 B = Vault XP
 C = Vault XP percentage of total XP
 D = Non-vault monster count
 E = Vault monster count
 F = Vault count percentage of total count
                 A         B        C        D         E       F
            +---------+---------+-------+---------+---------+-------
      Total |     580 |     316 |  35.3 |      78 |      48 |  38.1
            +---------+---------+-------+---------+---------+-------
        D:1 |      50 |       4 |   7.4 |      30 |       2 |   6.2
        D:2 |     169 |      36 |  17.6 |      18 |      11 |  37.9
        D:3 |     158 |      35 |  18.1 |      19 |       1 |   5.0
        D:4 |     203 |      10 |   4.7 |      11 |       4 |  26.7
      Sewer |       0 |     231 | 100.0 |       0 |      30 | 100.0
            +---------+---------+-------+---------+---------+-------
